 Dungeon Crawl Stone Soup version 0.21-a0-504-g2eda330 (webtiles) character file.

100 4thArraOfDagon the Firebug (level 4, -1/24 HPs)
             Began as a Deep Elf Fire Elementalist on Nov 26, 2017.
             Slain by an orc warrior
             ... wielding a +0 halberd
              (6 damage)
             ... in a bailey.
             The game lasted 00:04:06 (669 turns).

4thArraOfDagon the Firebug (DEFE)                    Turns: 669, Time: 00:04:06

Health: -1/24      AC:  4    Str:  5    XL:     4   Next: 46%
Magic:  0/11       EV: 13    Int: 21    God:
Gold:   55         SH:  0    Dex: 15    Spells: 2/10 levels left

rFire    . . .     SeeInvis .   k - +0 halberd
rCold    . . .     Gourm    .   (shield currently unavailable)
rNeg     . . .     Faith    .   a - +0 robe
rPois    .         Spirit   .   (no helmet)
rElec    .         Reflect  .   (no cloak)
rCorr    .         Harm     .   (no gloves)
MR       .....                  h - +1 pair of boots
Stlth    ++........             g - amulet of inaccuracy (curse)
HPRegen  0.08/turn              (no ring)
MPRegen  0.12/turn              (no ring)

@: hasted, very quick
A: no striking features
a: no special abilities


You were in a bailey.
You were not hungry.

You visited 1 branch of the dungeon, and saw 6 of its levels.
You also visited: Bailey.

You collected 55 gold pieces.

Inventory:

Hand Weapons
 k - a +0 halberd (weapon)
Armour
 a - a +0 robe (worn)
 h - a +1 pair of boots (worn)
Jewellery
 g - a cursed amulet of inaccuracy (around neck)
Scrolls
 f - a scroll of amnesia
 i - a scroll of teleportation
Potions
 e - 2 potions of ambrosia
Books
 b - a book of Flames

   Spells                             Type                      Level
   a - Flame Tongue                   Conjuration/Fire             1
   b - Throw Flame                    Conjuration/Fire             2
   c - Conjure Flame                  Conjuration/Fire             3
   d - Inner Flame                    Hexes/Fire                   3
   e - Sticky Flame                   Conjuration/Fire             4
   f - Fireball                       Conjuration/Fire             5
Comestibles
 c - 2 bread rations


   Skills:
 - Level 2.4 Dodging
 - Level 2.4 Stealth
 + Level 3.9 Spellcasting
 * Level 3.1 Conjurations
 * Level 4.4 Fire Magic


You had 2 spell levels left.
You knew the following spells:

 Your Spells              Type           Power        Failure   Level  Hunger
a - Flame Tongue          Conj/Fire      ###..        2%          1    None
b - Conjure Flame         Conj/Fire      ###.....     8%          3    ###....
c - Sticky Flame          Conj/Fire      ###.....     26%         4    ####...


Dungeon Overview and Level Annotations

Branches:
Dungeon (7/15)
 Temple: D:4-7

Altars:
Wu Jian

Annotations:
D:2 Sigmund


Message History

Casting: Flame Tongue
Confirm with . or Enter, or press ? or * to list all spells.
Aiming: Flame Tongue
Press: ? - help, Shift-Dir - straight line, f/p - orc warrior
Aim: an orc warrior, wielding a halberd and wearing a scale mail (almost dead, unusually strong)
The flame tongue hits the orc warrior.
The orc warrior is almost dead.
The orc warrior misses you.
Unknown command.
You miss the orc warrior.
The orc warrior is almost dead.
The orc misses you. The orc warrior closely misses you.
Unknown command.
You closely miss the orc warrior.
The orc warrior is almost dead.
The orc hits you from afar with a halberd!!
Ouch! That really hurt!
* * * LOW HITPOINT WARNING * * *
The orc warrior hits you with a halberd.
You die...

### ##∩## #@∩.#
#o..# ....o..≈
o≈.......≈oo
≈o≈≈.......≈≈o≈
≈≈≈..#...#..≈≈≈
....##...##....
#### ##∩## ####


You could see an orc knight, 2 orc warriors and 2 orcs.

Vanquished Creatures
  A scorpion (D:7)
  Jessica (D:3)
  7 bats
  A giant cockroach (D:2)
  5 goblins
  5 hobgoblins
  A jackal (D:2)
  A frilled lizard (D:2)
  2 kobolds
  4 rats
28 creatures vanquished.

Notes
Turn   | Place    | Note
-------+----------+-------------------------------------------
     0 | D:1      | 4thArraOfDagon the Deep Elf Fire Elementalist began the quest for the Orb.
     0 | D:1      | Reached XP level 1. HP: 10/10 MP: 6/6
   203 | D:3      | Noticed Jessica
   206 | D:3      | Killed Jessica
   206 | D:3      | Reached XP level 2. HP: 15/15 MP: 4/8
   206 | D:3      | Reached XP level 3. HP: 19/19 MP: 4/9
   257 | D:2      | Reached skill level 4 in Fire Magic
   289 | D:2      | Learned a level 3 spell: Conjure Flame
   365 | D:2      | Noticed Sigmund
   518 | D:3      | Found an ornate altar of the Wu Jian Council.
   580 | D:3      | You fall through a shaft for 3 floors!
   599 | D:5      | Entered Level 5 of the Dungeon
   607 | D:7      | Found a flagged portal.
   608 | D:7      | Noticed a scorpion
   621 | D:7      | Killed a scorpion
   621 | D:7      | Reached XP level 4. HP: 24/24 MP: 4/11
   646 | D:7      | Learned a level 4 spell: Sticky Flame
   648 | Bailey   | Entered a bailey
   648 | Bailey   | Noticed an orc knight
   648 | Bailey   | Noticed an orc warrior
   648 | Bailey   | Noticed an orc warrior
   658 | Bailey   | Noticed an orc warrior
   660 | Bailey   | Noticed an orc knight
   669 | Bailey   | Slain by an orc warrior

Vault maps used:
D:1:      matt_arrival_spirals
D:2:      minmay_door_path, uniq_sigmund, uniq_natasha
D:3:      overflow_temple_1_default, first_bread, uniq_jessica
D:5:      yredelemnul_forgotten_temple_becter, lemuel_crystal_altar,
          grunt_temple_overflow_open, uniq_crazy_yiuf_cottage, uniq_duvessa,
          uniq_pikel
D:6:      temple_hall, serial_glass, glass_columns_a, glass_columns_a,
          serial_shops, shop, shop_statue, hangedman_decor_riveting,
          uniq_grinder, uniq_blork_the_orc, uniq_edmund, uniq_eustachio
D:7:      enter_bailey_2
Bailey:   bailey_polearm_4, bailey

Skill      XL: |  1  2  3 |
---------------+----------+-----
Conjurations   | 2 3 |  3.1
Fire Magic     | 4 |  4.4
Dodging        | |  2.4
Stealth        | |  2.4
Spellcasting   | |  3.9

Action                   |  1- 3 |  4- 6 || total
-------------------------+-------+-------++-------
Melee: Unarmed           |     2 |       ||     2
       Halberd           |       |     4 ||     4
 Cast: Flame Tongue      |    41 |     7 ||    48
       Conjure Flame     |     1 |       ||     1
       Sticky Flame      |       |     1 ||     1
  Use: Scroll            |     5 |       ||     5
       Potion            |       |     2 ||     2
Armor: Robe              |     9 |       ||     9
Dodge: Dodged            |    22 |    12 ||    34

Table legend:
 A = Spawn XP
 B = Non-spawn XP
 C = Spawn XP percentage of total XP
 D = Spawn monster count
 E = Non-spawn monster count
 F = Spawn count percentage of total count
 G = Total turns spent on level
                    A         B        C        D         E        F      G
               +---------+---------+-------+---------+---------+-------+---------
         Total |       0 |     143 |   0.0 |       0 |      28 |   0.0 |   669
               +---------+---------+-------+---------+---------+-------+---------
           D:1 |       0 |      11 |   0.0 |       0 |       8 |   0.0 |   183
           D:2 |       0 |      22 |   0.0 |       0 |      13 |   0.0 |   303
           D:3 |       0 |      44 |   0.0 |       0 |       6 |   0.0 |    94
           D:7 |       0 |      66 |   0.0 |       0 |       1 |   0.0 |    41
               +---------+---------+-------+---------+---------+-------+---------
